 Dungeon Crawl Stone Soup version 5.7-8-g3a8b389 (webtiles) character file.

63 justtesting the Grappler (level 12, -7/184 HPs) *CASUAL*
             Began as a Troll Berserker on Aug 18, 2018.
             Was a High Priest of Trog.
             Killed from afar by a war gargoyle (26 damage)
             ... with a spray of metal splinters
             ... on level 10 of the Dungeon.
             The game lasted 00:21:32 (6806 turns).

justtesting the Grappler (Troll Berserker)          Turns: 6806, Time: 00:21:33

Health: -7/184     AC:  9 (0%)Str: 33   XL:     12   Next: 22%
Magic:  13/13      EV: 15    Int:  3    God:    Trog [5*[126]]
Gold:   543        SH:  0    Dex: 13    Spells: 15/15 levels left

rFire    . . .     SeeInvis .     - Unarmed
rCold    . . .     Faith    +   (no shield)
rNeg     . . .     Spirit   .   a - +0 animal skin
rPois    .         Reflect  .   (helmet restricted)
rElec    .                      t - +0 cloak
rCorr    .                      (gloves unavailable)
MR       +....                  (boots unavailable)
Stlth    ..........             d - amulet of faith
Regen    0.8/turn               e - ring of protection from magic
MPRegen  0.2/turn               c - +3 ring of protection

@: berserking, flayed, very quick
A: unfitting armour, claws 2, regeneration 1, tough skin, sturdy frame
a: Berserk, Trog's Hand, Brothers in Arms, Renounce Religion


You were on level 10 of the Dungeon.
You worshipped Trog.
Trog was extremely pleased with you.
You were not hungry.

You visited 1 branch of the dungeon, and saw 10 of its levels.

You collected 543 gold pieces.

Inventory:

Hand Weapons
 m - the +8 rapier of Oduib {drain, *Noise rN++ Str+7}
   (You found it on level 4 of the Dungeon)

   A truly terrible weapon, it drains the life of those it strikes.
   It affects your strength (+7).
   It greatly protects you from negative energy.
   It may make noises in combat.
Missiles
 f - 153 poisoned darts
 n - 30 large rocks
 y - 49 exploding tomahawks (quivered)
 F - 73 silver javelins
Armour
 a - a +0 animal skin (worn)
 t - a +0 cloak (worn)
Jewellery
 c - a +3 ring of protection (right claw)
 d - an amulet of faith (around neck)
 e - a ring of protection from magic (left claw)
 g - a +5 ring of intelligence
 l - an uncursed ring of ice
 o - a +3 amulet of reflection
 s - an uncursed ring of positive energy
 A - an uncursed ring of ice
 C - an uncursed ring of protection from magic
 G - an uncursed ring of ice
Wands
 u - a wand of digging (3)
 x - a wand of flame (13)
 B - a wand of confusion (12)
 H - a wand of disintegration (9)
Scrolls
 h - 3 scrolls of enchant weapon
 k - 2 scrolls of fear
 q - 5 scrolls of blinking
 r - 4 scrolls of teleportation
 w - 2 scrolls of enchant armour
Potions
 b - a potion of invisibility
 i - 2 potions of flight
 j - 4 potions of heal wounds
 p - 2 potions of augmentation
 v - a potion of haste
 z - a potion of lignification
 E - a potion of magic
Miscellaneous
 D - a fan of gales


   Skills:
 + Level 9.1 Fighting
 + Level 9.2 Throwing
 + Level 9.1 Dodging
 + Level 10.6 Unarmed Combat


You had 15 spell levels left.
You didn't know any spells.
Your spell library contained the following spells:

 Spells                   Type           Power        Failure   Level  Hunger
 Bolt of Fire             Fire           0 (200)      100%        6    N/A
 Ozocubu's Refrigeration  Ice            0 (200)      100%        7    N/A
 Orb of Destruction       Erth           0 (200)      100%        7    N/A
 Iskenderun's Battlesphe  Chrm/Summ      0 (100)      100%        5    N/A
 Fulminant Prism          Air            0 (200)      100%        5    N/A
 Spellforged Servitor     Summ           0 (200)      100%        7    N/A

Dungeon Overview and Level Annotations

Branches:
Dungeon (10/15)

Altars:
Cheibriados
Dithmenos
Elyvilon
Gozag
Jiyva
Kikubaaqudgha
Lugonu
Makhleb
Nemelex Xobeh
Okawaru
Qazlal
Ru
Sif Muna
Trog
Uskayaw
Vehumet
Wu Jian
Xom
Yredelemnul
Zin
The Shining One

Annotations:
D:9 exclusion: 2 doors


Innate Abilities, Weirdness & Mutations

You are too large for most types of armour.
You have very sharp fingernails.
Your natural rate of healing is unusually fast.
You have tough skin. (AC +3)
Your movements are less encumbered by armour. (ER -6)


Message History

* * * LOW HITPOINT WARNING * * *
The deep troll earth mage points at you and mumbles some strange words.
The door shatters!
The blast of rock fragments hits you!
That hurt (13)!
* * * LOW HITPOINT WARNING * * *
You hear a roar!
You hear a shout! x2
Found a potion of mutation and a scroll of enchant armour.
You claw the war gargoyle (17)!
The war gargoyle is moderately damaged.
The war gargoyle hits you with a +2 morningstar of freezing (15)!
* * * LOW HITPOINT WARNING * * *
The war gargoyle freezes you (3).
* * * LOW HITPOINT WARNING * * *
You scratch the war gargoyle but do no damage.
Your claw misses the war gargoyle.
The war gargoyle is moderately damaged.
You scratch the war gargoyle (6).
The war gargoyle is heavily damaged.
The war gargoyle launches metal splinters at you.
The spray of metal splinters hits you!
That hurt (26)!
You die...

#.........#
#.#.#.#.#.#
.........#
.......#
#..|..#
###.....###
#"$..WO.$!#
#[$$#9#)$$#
#[[$#@# $#
#####.# !..
###.. #.?
... ....
.###


You could see a flayed ghost, an ogre mage and a war gargoyle.

Vanquished Creatures
  An orc high priest (D:8)
  Pikel (D:4)
  4 slime creatures (D:9)
  A troll (D:9)
  Prince Ribbit (D:6)
  Grinder (D:6)
  A meliai zombie (D:9)
  2 wyverns
  Eustachio (D:6)
  2 wraiths (D:8)
  10 yaks
  Edmund (D:4)
  A water moccasin (D:6)
  7 orc warriors
  2 ice beasts
  3 ogres
  2 spiny frog zombies
  2 centaurs
  A rime drake zombie (D:6)
  An elf zombie (D:8)
  A wyvern zombie (D:8)
  A water moccasin zombie (D:7)
  A troll zombie (D:8)
  2 wights (D:8)
  4 killer bees (D:8)
  2 crimson imps
  A centaur zombie (D:5)
  A wasp zombie (D:9)
  Crazy Yiuf (D:6)
  A quasit (D:4)
  A bullfrog zombie (D:5)
  3 hounds
  4 human zombies (D:8)
  A jelly (D:9)
  4 orc priests
  3 centaur skeletons
  An iron imp (D:5)
  A bullfrog skeleton (D:5)
  15 orc wizards
  4 worker ants
  A gnoll shaman (D:5)
  An iguana (D:4)
  A killer bee zombie (D:9)
  2 hound zombies (D:5)
  A howler monkey zombie (D:5)
  A mummy (D:8)
  7 gnolls
  5 adders
  3 dart slugs
  28 orcs
  9 quokkas
  2 giant cockroaches
  4 goblins
  7 hobgoblins
  6 jackals
  5 kobolds
  A ball python (D:2)
  5 bats
  6 frilled lizards
  An orc zombie (D:8)
  8 rats
  A rat zombie (D:5)
202 creatures vanquished.

Vanquished Creatures (others)
  A slave (D:4)
  A giant cockroach (D:4)
  A kobold (D:3)
3 creatures vanquished.

Grand Total: 205 creatures vanquished

Notes
Turn   | Place    | Note
-------+----------+-------------------------------------------
     0 | D:1      | justtesting the Troll Berserker began the quest for the Orb.
     0 | D:1      | Reached XP level 1. HP: 22/22 MP: 1/1
   161 | D:1      | Reached XP level 2. HP: 26/29 MP: 2/2
   327 | D:1      | Reached XP level 3. HP: 35/36 MP: 3/3
   805 | D:2      | Reached XP level 4. HP: 45/45 MP: 4/4
   847 | D:2      | Reached ** piety under Trog
   847 | D:2      | Reached skill level 4 in Unarmed Combat
   868 | D:2      | Reached skill level 1 in Throwing
  1033 | D:2      | Found an opulent altar of Gozag.
  1115 | D:2      | Found an opulent altar of Gozag.
  1202 | D:2      | Reached XP level 5. HP: 53/53 MP: 5/5
  1483 | D:3      | Reached XP level 6. HP: 62/62 MP: 6/6
  1685 | D:3      | Found a sacrificial altar of Ru.
  2070 | D:3      | Found a burning altar of Makhleb.
  2263 | D:4      | Noticed a slave
  2269 | D:4      | Noticed a slave
  2275 | D:4      | Reached skill level 5 in Unarmed Combat
  2275 | D:4      | Noticed a slave
  2281 | D:4      | Noticed Pikel
  2290 | D:4      | Noticed a slave
  2298 | D:4      | Killed Pikel
  2298 | D:4      | Reached skill level 5 in Fighting
  2298 | D:4      | Reached skill level 6 in Unarmed Combat
  2298 | D:4      | Reached XP level 7. HP: 9/72 MP: 7/7
  2298 | D:4      | Reached XP level 8. HP: 10/80 MP: 8/8
  2346 | D:4      | Noticed Edmund
  2392 | D:4      | Killed Edmund
  2392 | D:4      | Reached skill level 5 in Dodging
  2444 | D:4      | Found an iron altar of Okawaru.
  2596 | D:4      | Got the +8 rapier of Oduib {drain, *Noise rN++ Str+7}
  2682 | D:4      | Found a radiant altar of Vehumet.
  2842 | D:4      | Reached XP level 9. HP: 88/88 MP: 10/10
  2873 | D:5      | Entered Level 5 of the Dungeon
  2875 | D:5      | Found a white marble altar of Elyvilon.
  2893 | D:5      | Found a bloodstained altar of Trog.
  2905 | D:5      | Reached *** piety under Trog
  2905 | D:5      | Reached skill level 5 in Throwing
  2911 | D:5      | Reached skill level 7 in Unarmed Combat
  3019 | D:5      | Found an ancient bone altar of Kikubaaqudgha.
  3066 | D:5      | Reached skill level 8 in Unarmed Combat
  3066 | D:5      | Reached XP level 10. HP: 90/100 MP: 11/11
  3074 | D:5      | Found a sparkling altar of Nemelex Xobeh.
  3145 | D:5      | Found a shadowy altar of Dithmenos.
  3267 | D:5      | Found a snail-covered altar of Cheibriados.
  3500 | D:5      | Found a glowing golden altar of the Shining One.
  3519 | D:5      | Found a corrupted altar of Lugonu.
  3519 | D:5      | Found a stormy altar of Qazlal.
  3669 | D:5      | Found an ornate altar of the Wu Jian Council.
  3670 | D:5      | Found a viscous altar of Jiyva.
  3671 | D:5      | Found a glowing silver altar of Zin.
  3671 | D:5      | Found a deep blue altar of Sif Muna.
  3810 | D:6      | Found a runed door.
  3827 | D:6      | Noticed Eustachio
  3868 | D:6      | Killed Eustachio
  3898 | D:6      | Reached **** piety under Trog
  3922 | D:6      | Noticed Crazy Yiuf
  3928 | D:6      | Killed Crazy Yiuf
  4095 | D:6      | Noticed Prince Ribbit
  4102 | D:6      | Killed Prince Ribbit
  4120 | D:6      | Noticed Grinder
  4125 | D:6      | Killed Grinder
  4125 | D:6      | Reached skill level 9 in Unarmed Combat
  4789 | D:7      | Found a shimmering altar of Xom.
  4789 | D:7      | Found a shimmering altar of Xom.
  4791 | D:7      | Found a shimmering altar of Xom.
  4791 | D:7      | Found a shimmering altar of Xom.
  4854 | D:7      | Found a hide-covered altar of Uskayaw.
  4912 | D:7      | Found a basalt altar of Yredelemnul.
  4942 | D:7      | Gained mutation: You have very sharp fingernails. [Troll growth]
  4942 | D:7      | Reached XP level 11. HP: 110/110 MP: 12/12
  4945 | D:7      | Received a gift from Trog
  5310 | D:8      | Found an ancient bone altar of Kikubaaqudgha.
  5521 | D:8      | Noticed an orc high priest
  5526 | D:8      | Killed an orc high priest
  6205 | D:9      | Reached skill level 10 in Unarmed Combat
  6261 | D:9      | Received a gift from Trog
  6416 | D:9      | Reached ***** piety under Trog
  6500 | D:9      | Reached XP level 12. HP: 79/122 MP: 13/13
  6799 | D:9      | Gained mutation: Your movements are less encumbered by armour. (ER -6) [mutagenic hatch]
  6799 | D:10     | Entered Level 10 of the Dungeon
  6799 | D:10     | Noticed an ogre mage
  6799 | D:10     | Noticed a deep troll earth mage
  6799 | D:10     | Noticed a war gargoyle
  6806 | D:10     | Killed from afar by a war gargoyle

Skill      XL: |  1  2  3  4  5  6  7  8  9 10 11 12 |
---------------+-------------------------------------+-----
Fighting       | 3 5 6 7 8 9 |  9.1
Unarmed Combat | 4 6 8 9 10 | 10.6
Throwing       | 1 4 6 7 8 9 |  9.2
Dodging        | 3 4 5 6 7 8 9 |  9.1

Action                   |  1- 3 |  4- 6 |  7- 9 | 10-12 || total
-------------------------+-------+-------+-------+-------++-------
Melee: Unarmed           |    77 |   142 |    85 |   445 ||   749
       Punch             |     1 |     2 |     4 |    23 ||    30
Throw: Poisoned dart     |       |     9 |       |    11 ||    20
       Tomahawk          |       |       |       |    14 ||    14
       Large rock        |       |       |       |     2 ||     2
Invok: Berserk           |       |     1 |     2 |     6 ||     9
       Trog's Hand       |       |       |       |     1 ||     1
 Stab: Sleeping          |       |     1 |       |     1 ||     2
Armor: Animal skin       |    24 |    47 |    36 |   123 ||   230
Dodge: Dodged            |    34 |    85 |    56 |   278 ||   453
